 Dungeon Crawl Stone Soup version 0.26-a0-546-g3c2127501a (webtiles) character file.

Game seed: 9950081351114889264

152 MrRokkomies the Skirmisher (level 5, -4/69 HPs)
             Began as a Palentonga Fighter on Aug 19, 2020.
             Slain by Ijyb
             ... wielding a +2 dagger of electrocution
              (16 damage)
             ... on level 4 of the Dungeon.
             The game lasted 00:03:42 (3123 turns).

MrRokkomies the Skirmisher (Palentonga Fighter)     Turns: 3123, Time: 00:03:43

Health: -4/69      AC: 10    Str: 19    XL:     5   Next: 11%
Magic:  5/5        EV:  5    Int: 10    God:
Gold:   70         SH:  8    Dex:  9    Spells: 4/4 levels left

rFire    . . .     SeeInvis +   a - +1 war axe
rCold    . . .     Faith    .   c - +0 kite shield
rNeg     . . .     Spirit   .   l - +0 scale mail {rPois}
rPois    +         Reflect  .   (no helmet)
rElec    .         Harm     .   (no cloak)
rCorr    .                      (no gloves)
MR       .....                  (boots restricted)
Stlth    ..........             (no amulet)
HPRegen  0.21/turn              q - -4 ring of slaying (curse)
MPRegen  0.09/turn              b - +4 ring of protection

@: berserking, very quick
A: large, rugged brown scales 3, see invisible, deformed body, roll, armoured
tail
a: Rolling Charge


You were on level 4 of the Dungeon.
You visited 1 branch of the dungeon, and saw 4 of its levels.

You collected 70 gold pieces.

Inventory:

Hand Weapons
 a - a +1 war axe (weapon)
Missiles
 f - 6 boomerangs (quivered)
 p - 15 poisoned darts
Armour
 c - a +0 kite shield (worn)
 l - a +0 scale mail of poison resistance (worn)
Jewellery
 b - a +4 ring of protection (right hand)
 q - a cursed -4 ring of slaying (left hand)
Scrolls
 e - a scroll of fear
 k - 3 scrolls of teleportation
Potions
 d - a potion of might
 i - a potion of invisibility
 j - a potion of resistance {unknown}
 m - a potion of degeneration {unknown}
 n - 2 potions of haste
 o - 2 potions of brilliance
 r - a potion of heal wounds {unknown}


   Skills:
 * Level 4.3 Fighting
 * Level 3.7 Axes
 + Level 3.0 Armour
 - Level 2.4 Shields


You had 4 spell levels left.
You didn't know any spells.
Your spell library was empty.

Dungeon Overview and Level Annotations

Branches:
Dungeon (4/15)
 Temple: D:4-7

Altars:
Gozag
Okawaru
Trog

Shops:
D:4 [

Annotations:
D:4 Ijyb, Menkaure


Innate Abilities, Weirdness & Mutations

You are completely covered in rugged brown scales. (AC +3, +7% HP)
You have supernaturally acute eyesight. (SInv)
Armour fits poorly on your strangely shaped body.
You can roll at foes to attack.
You have a long armoured tail.


Message History

Ijyb is nearby!
Ijyb zaps a wand.
The puff of flame hits you.
You hit Ijyb.
Your tail-slap misses Ijyb.
Ijyb is lightly wounded.
You block Ijyb's attack.
You completely miss Ijyb.
Ijyb is lightly wounded.
Ijyb hits you but does no damage.
You barely miss Ijyb.
Ijyb is lightly wounded.
Ijyb hits you but does no damage.
You are electrocuted!
Ijyb hits you with a +2 dagger of electrocution.
You are electrocuted!
* * * LOW HITPOINT WARNING * * *
You are too injured to fight recklessly!
You are too injured to fight recklessly!
A red film seems to cover your vision as you go berserk!
You feel yourself moving faster!
You feel mighty! Ijyb hits you but does no damage.
You are electrocuted!
You die...

#.....# ##..
##..g.. #...
#...... ...
#.....####.##
#........#..#
#.......\...#
.....#####...# ....
###g.## ...
###.@...##
...............##
#.. .
$.#.##...#....#...#
. #####........# #.
#......#...# ...##
#.....## ...
....####....## #.
..........#.# #
.###....##.#


You could see Ijyb.

Vanquished Creatures
  A bullfrog zombie (D:2)
  A worker ant (D:4)
  2 adders (D:2)
  An ooze (D:1)
  6 worms
  2 dart slugs
  A ball python (D:1)
  6 bats
  3 giant cockroaches
  2 goblins
  7 hobgoblins
  2 jackals (D:2)
  12 kobolds
  A frilled lizard (D:1)
  9 rats
56 creatures vanquished.

Notes
Turn   | Place    | Note
-------+----------+-------------------------------------------
     0 | D:1      | MrRokkomies the Palentonga Fighter began the quest for the
                  | Orb.
     0 | D:1      | Reached XP level 1. HP: 19/19 MP: 1/1
   236 | D:1      | Reached XP level 2. HP: 20/25 MP: 2/2
   741 | D:1      | Reached XP level 3. HP: 31/31 MP: 3/3
  1602 | D:2      | Reached skill level 4 in Fighting
  1602 | D:2      | Reached XP level 4. HP: 35/39 MP: 4/4
  2231 | D:3      | Found an opulent altar of Gozag.
  2577 | D:3      | Noticed a moth of wrath
  2579 | D:3      | Found a bloodstained altar of Trog.
  2697 | D:3      | Found an iron altar of Okawaru.
  2995 | D:4      | Noticed Menkaure
  3048 | D:4      | Reached XP level 5. HP: 39/46 MP: 5/5
  3098 | D:4      | Found Opuudeirch's Antique Armour Shoppe.
  3107 | D:4      | Noticed Ijyb
  3123 | D:4      | Slain by Ijyb

Illustrated notes

Levels and vault maps discovered:
D:1:      lemuel_arrival_tunnels, layout_loops_ring, serial_park_tiny_2
D:2:      layout_basic
D:3:      cheibrodos_old_hovel, layout_basic, tgw_trog, lemuel_round_altar,
          serial_bayou_ford_a, okawaru_metal_pillars_1_2
D:4:      layout_cave_pools, serial_shops, shop, uniq_menkaure, uniq_robin,
          uniq_ijyb

Skill      XL: |  1  2  3  4 |
---------------+-------------+-----
Axes           | 3 |  3.7
Fighting       | 4 |  4.3
Armour         | 3 |  3.0
Shields        | |  2.4

Action                   |  1- 3 |  4- 6 || total
-------------------------+-------+-------++-------
Melee: War axe           |    99 |    69 ||   168
       Tailslap          |     9 |     5 ||    14
  Use: Scroll            |       |     8 ||     8
       Potion            |       |     1 ||     1
Armor: Scale mail        |    48 |    33 ||    81
Dodge: Dodged            |    16 |    12 ||    28
Block: Kite shield       |    49 |    38 ||    87

Table legend: (Time is in decaauts)
 A = Elapsed time spent in this place.
 B = Non-inter-level travel time spent in this place.
 C = Inter-level travel time spent in this place.
 D = Time resting spent in this place.
 E = Time spent auto-exploring this place.
 F = Levels seen in this place.
 G = Mean time per level.
                   A        B        C        D        E       F      G
               +--------+--------+--------+--------+--------+-----+--------+
         Total |   3202 |   3056 |    146 |      6 |   2549 |   4 |  800.5 |
       Dungeon |   3202 |   3056 |    146 |      6 |   2549 |   4 |  800.5 |
               +--------+--------+--------+--------+--------+-----+--------+

Top non-repeatable levels by time:
     D:2: 1179 daAuts
     D:1: 986 daAuts
     D:3: 944 daAuts
     D:4: 91 daAuts
